AoeStats
← Erickinio

Arena

507824674Analyzed
3v3 RM · 13d ago on Sep 19, 2026· 60m 21s· 6 players
Game mode
Random Map
Map size
Normal (6 player)
Population
200
Speed
Normal
Resources
Standard
Victory
Conquest
Starting age
Dark Age
Ending age
Imperial Age
RankedLock teamsTeams togetherTeam positionsShared explorationLock speedFull tech treeHidden civsTurbo modeCheats
Victory
Defeat
🇬🇧 Persians · United Kingdom
838
+17
🇦🇷 Celts · Argentina
815
+18
🇧🇪 Romans · Belgium
785
+19
🇸🇰 Slavs · Slovakia
861
-18
🇸🇰 Mongols · Slovakia
861
-18
🇸🇰 Cumans · Slovakia
859
-18
Budhampton
1:34 Loom
11:59 Feudal Age
12:45 Double-Bit Axe
14:14 Wheelbarrow
14:23 Bloodlines
14:16 Horse Collar
18:45 Castle Age
22:33 Husbandry
21:54 Light Cavalry
23:24 Hand Cart
25:06 Bow Saw
24:58 Heavy Plow
28:23 Scale Barding Armor
28:29 Forging
31:20 Chain Barding Armor
31:36 Iron Casting
34:41 Imperial Age
32:36 Ballistics
34:05 Caravan
34:43 Elite War Elephant
37:06 Conscription
37:38 Heavy Camel Rider
39:06 Plate Barding Armor
39:34 Kamandaran
41:37 Chemistry
40:50 Crossbowman
41:33 Fletching
41:44 Padded Archer Armor
42:47 Blast Furnace
42:21 Thumb Ring
44:12 Two-Man Saw
43:45 Crop Rotation
43:13 Bodkin Arrow
43:34 Leather Archer Armor
47:58 Scale Mail Armor
48:29 Ring Archer Armor
47:59 Gold Mining
48:00 Stone Mining
54:42 Cavalier
59:46 Parthian Tactics
59:35 Citadels
Ernst paul
4:35 Loom
9:32 Feudal Age
10:12 Double-Bit Axe
11:46 Horse Collar
14:52 Man-at-Arms
17:43 Forging
17:36 Scale Mail Armor
20:38 Castle Age
21:44 Pikeman
22:22 Pikeman
24:29 Heavy Plow
25:02 Long Swordsman
26:47 Bow Saw
27:01 Fletching
27:12 Padded Archer Armor
28:49 Wheelbarrow
33:22 Imperial Age
31:38 Ballistics
32:52 Elite Skirmisher
33:55 Bodkin Arrow
35:34 Chemistry
35:13 Fortified Wall
35:08 Gold Mining
34:53 Heavy Scorpion
35:55 Ballistas
37:10 Gold Shaft Mining
37:34 Hand Cart
36:47 Halberdier
47:19 Leather Archer Armor
47:22 Chain Mail Armor
47:43 Iron Casting
51:46 Capped Ram
55:37 Siege Ram
Erickinio
11:23 Feudal Age
11:48 Man-at-Arms
12:14 Arson
13:45 Double-Bit Axe
14:59 Scale Mail Armor
16:23 Loom
18:48 Forging
25:59 Castle Age
24:07 Horse Collar
25:24 Wheelbarrow
26:42 Long Swordsman
27:08 Gambesons
33:01 Treadmill Crane
35:07 Masonry
36:28 Bow Saw
36:49 Heavy Plow
40:42 Imperial Age
37:37 Elite Skirmisher
38:51 Stone Mining
38:52 Gold Mining
39:39 Iron Casting
39:47 Chain Mail Armor
39:24 Fletching
39:34 Padded Archer Armor
40:19 Stone Shaft Mining
41:03 Gold Shaft Mining
40:31 Caravan
41:05 Hand Cart
40:23 Pikeman
41:55 Conscription
41:51 Two-Handed Swordsman
42:33 Halberdier
42:51 Onager
44:14 Murder Holes
44:30 Fortified Wall
45:05 Stronghold
45:44 Ballistics
45:35 Siege Engineers
48:43 Blast Furnace
48:13 Plate Mail Armor
50:08 Chemistry
48:50 Siege Onager
49:57 Champion
50:45 Town Watch
51:41 Ballistics
54:32 Bodkin Arrow
55:24 Furor Celtica
55:47 Elite Woad Raider
58:01 Leather Archer Armor
60:09 Town Patrol
60:41 Ring Archer Armor
Majkl
10:25 Feudal Age
14:38 Castle Age
16:58 Husbandry
18:47 Double-Bit Axe
20:45 Bow Saw
24:44 Wheelbarrow
24:49 Bloodlines
24:23 Horse Collar
25:16 Town Watch
25:16 Loom
25:27 Gold Mining
25:41 Heavy Plow
26:13 Hand Cart
26:13 Scale Barding Armor
26:19 Forging
28:46 Fletching
28:56 Padded Archer Armor
33:26 Imperial Age
33:44 Chain Barding Armor
34:00 Iron Casting
33:20 Bodkin Arrow
33:26 Murder Holes
33:42 Masonry
34:59 Conscription
35:15 Hoardings
34:51 Bodkin Arrow
36:08 Caravan
36:26 Leather Archer Armor
37:12 Blast Furnace
36:48 Ballistics
37:28 Chemistry
36:34 Capped Ram
38:05 Siege Engineers
38:07 Bracer
39:29 Gold Shaft Mining
38:47 Stone Mining
38:47 Siege Ram
38:53 Cavalier
41:04 Light Cavalry
42:16 Heavy Camel Rider
43:02 Scale Mail Armor
43:48 Elite Mangudai
44:32 Hussar
56:19 Pikeman
57:00 Squires
XxTatarkaxX
8:12 Loom
12:06 Feudal Age
12:27 Horse Collar
12:49 Double-Bit Axe
14:40 Stone Mining
20:44 Castle Age
19:40 Gold Mining
25:05 Wheelbarrow
25:34 Gold Shaft Mining
25:50 Bow Saw
27:01 Town Watch
29:03 Heavy Plow
29:02 Fletching
29:13 Padded Archer Armor
30:58 Ballistics
33:56 Imperial Age
34:22 Hand Cart
34:07 Town Patrol
34:07 Bodkin Arrow
34:27 Leather Archer Armor
34:23 Detinets
35:14 Conscription
36:43 Elite Skirmisher
37:58 Husbandry
38:10 Bloodlines
37:25 Pikeman
38:28 Druzhina
39:18 Heavy Cavalry Archer
40:44 Forging
40:39 Scale Barding Armor
40:49 Light Cavalry
42:40 Iron Casting
42:20 Masonry
42:27 Halberdier
43:08 Squires
43:49 Caravan
45:24 Blast Furnace
44:45 Chain Barding Armor
45:39 Crop Rotation
45:08 Hussar
46:40 Fortified Wall
46:26 Murder Holes
53:08 Leather Archer Armor
53:30 Plate Barding Armor
Terárko
8:09 Loom
11:20 Feudal Age
12:21 Double-Bit Axe
13:29 Wheelbarrow
18:32 Fletching
23:29 Castle Age
22:00 Horse Collar
24:19 Squires
24:32 Thumb Ring
24:42 Pikeman
27:43 Hand Cart
27:58 Crossbowman
28:37 Gold Mining
28:39 Stone Mining
29:05 Bodkin Arrow
30:58 Forging
31:00 Scale Mail Armor
31:43 Ballistics
33:18 Padded Archer Armor
33:24 Scale Barding Armor
37:08 Imperial Age
37:07 Iron Casting
36:48 Chain Mail Armor
37:09 Bloodlines
38:18 Conscription
38:46 Bow Saw
38:38 Heavy Plow
39:53 Chemistry
39:36 Gold Shaft Mining
39:55 Crop Rotation
38:54 Cavalier
40:37 Cuman Mercenaries
42:44 Halberdier
44:33 Paladin
45:28 Caravan
47:07 Blast Furnace
46:29 Chain Barding Armor
51:21 Plate Barding Armor
51:18 Plate Mail Armor
53:18 Steppe Husbandry
52:40 Light Cavalry
53:18 Hussar
Connection lost

Rejoining the realm…

Still unreachable

The connection could not be restored.

Session expired

The server has moved on; the page needs a fresh start.